[Event "Titled Tuesday Blitz May 23 Late 2023"]
[White "Koutlas, Nikolaos"]
[Black "Bakalchuk, Johnatan"]
[WhiteFideId "25827138"]
[BlackFideId "2810301"]
[WhiteElo "2215"]
[BlackElo "2450"]
[Result "0-1"]
[Round "01"]
[TimeControl "180+2"]
[Date "2023.05.23"]
[WhiteClock "0:00:01"]
[BlackClock "0:00:12"]

1. Nf3 Nf6 2. c4 c5 3. Nc3 g6 4. g3 Bg7 5. Bg2 O-O 6. d4 cxd4 7. Nxd4 Nc6 8. O-O Qa5 9. Nb3 Qh5 10. e4 d6 11. Qxh5 Nxh5 12. Nd5 Bg4 13. Re1 Rac8 14. Rb1 Rfe8 15. Nd2 Ne5 16. h3 Be6 17. Bf1 Nf6 18. b3 Nfd7 19. Bb2 Nc5 20. f4 Ned3 21. Bxg7 Nxe1 22. Bc3 Bxd5 23. exd5 Nc2 24. Rc1 Ne3 25. Be2 e6 26. dxe6 Rxe6 27. Bf3 b5 28. Bd4 bxc4 29. Nxc4 Nd3 30. Rb1 Nxc4 31. bxc4 Re1+ 32. Rxe1 Nxe1 33. Bd5 a5 34. Bb6 a4 35. Kf2 Nd3+ 36. Ke3 Nb4 37. a3 Nxd5+ 38. cxd5 Rc3+ 39. Ke4 Rxa3 0-1


[Site "https://www.chess.com"]

[Event "Titled Tuesday Blitz May 23 Late 2023"]
[White "Remizov, Yaroslav"]
[Black "Bilan, Danila"]
[WhiteFideId "34134015"]
[BlackFideId "24161918"]
[WhiteElo "2400"]
[BlackElo "2182"]
[Result "1-0"]
[Round "01"]
[TimeControl "180+2"]
[Date "2023.05.23"]
[WhiteClock "0:01:10"]
[BlackClock "0:00:00"]

1. e4 c6 2. d4 d5 3. Nc3 dxe4 4. Nxe4 Bf5 5. Ng3 Bg6 6. Bc4 e6 7. N1e2 Bd6 8. O-O Nf6 9. f4 O-O 10. f5 exf5 11. Nxf5 Qc7 12. Nxd6 Qxd6 13. Bf4 Qb4 14. Bb3 Nbd7 15. c3 Qe7 16. Ng3 Nd5 17. Bxd5 cxd5 18. Qf3 Nb6 19. Rae1 Qd7 20. h4 h6 21. h5 Bh7 22. b3 Rae8 23. Be5 f6 24. Bf4 Rxe1 25. Rxe1 Re8 26. Rxe8+ Qxe8 27. Bc7 Qe1+ 28. Kh2 Be4 29. Qg4 Qxc3 30. Qe6+ Kh7 31. Bxb6 axb6 32. Nxe4 dxe4 33. Qxe4+ Kg8 34. Qe6+ Kh7 35. d5 Qe5+ 36. Qxe5 fxe5 37. d6 1-0


[Site "https://www.chess.com"]

[Event "Titled Tuesday Blitz May 23 Late 2023"]
[White "Papayan, Oleg"]
[Black "Kravtsiv, Martyn"]
[WhiteFideId "4193911"]
[BlackFideId "14113147"]
[WhiteElo "2171"]
[BlackElo "2695"]
[Result "0-1"]
[Round "01"]
[TimeControl "180+2"]
[Date "2023.05.23"]
[WhiteClock "0:00:34"]
[BlackClock "0:02:18"]

1. e4 e5 2. Nf3 Nc6 3. Bb5 a6 4. Bxc6 dxc6 5. O-O Bg4 6. h3 h5 7. d3 Qf6 8. Nbd2 Ne7 9. Re1 Ng6 10. d4 Bd6 11. dxe5 Bxe5 12. hxg4 hxg4 13. Nxe5 Qh4 14. Kf1 Nf4 15. Ndf3 Qh1+ 16. Ng1 Qxg2# 0-1


[Site "https://www.chess.com"]

[Event "Titled Tuesday Blitz May 23 Late 2023"]
[White "Mekhitarian, Krikor Sevag"]
[Black "merinasian"]
[WhiteFideId "2107660"]
[WhiteElo "2604"]
[BlackElo "2454"]
[Result "0-1"]
[Round "01"]
[TimeControl "180+2"]
[Date "2023.05.23"]
[WhiteClock "0:00:00"]
[BlackClock "0:00:29"]

1. Nf3 Nf6 2. c4 e6 3. d4 Bb4+ 4. Bd2 Qe7 5. e3 b6 6. Bd3 Bb7 7. O-O a5 8. Bc1 d5 9. a3 Bd6 10. Nc3 O-O 11. Nb5 dxc4 12. Bxc4 Nbd7 13. Nxd6 Qxd6 14. b3 Ng4 15. g3 Ndf6 16. Bb2 Ne4 17. Be2 Rad8 18. Rc1 c5 19. dxc5 Qb8 20. Qc2 Nxc5 21. b4 Ne4 22. Bd3 f5 23. Qc7 Qxc7 24. Rxc7 Rxd3 25. Rxg7+ Kh8 26. Rxb7+ Ngf6 27. Bd4 axb4 28. axb4 Kg8 29. Rxb6 Rc8 30. Rxe6 Ng4 31. h3 Ngxf2 32. Rxf2 Nxf2 33. Kxf2 Rc2+ 34. Ke1 Rb3 35. Kd1 Rf2 36. Nd2 Rd3 37. Bc3 Rxc3 38. Rd6 Rxe3 39. g4 Rxh3 40. gxf5 Rh1+ 41. Kc2 Rxf5 42. Rd3 Rh2 43. Kc3 h5 44. Ne4 h4 45. Kc4 h3 46. Rg3+ Kh8 47. b5 Rc2+ 48. Nc3 Rh2 49. b6 Rf7 50. Nd5 Rh7 51. Nc7 Rg2 0-1


[Site "https://www.chess.com"]

[Event "Titled Tuesday Blitz May 23 Late 2023"]
[White "Senft, Sean"]
[Black "Sattarov, Bobir"]
[WhiteFideId "2044960"]
[BlackFideId "14203081"]
[WhiteElo "1989"]
[BlackElo "2351"]
[Result "1-0"]
[Round "01"]
[TimeControl "180+2"]
[Date "2023.05.23"]
[WhiteClock "0:00:23"]
[BlackClock "0:00:50"]

1. d4 Nf6 2. c4 e6 3. Nc3 Bb4 4. Nf3 b6 5. Bg5 h6 6. Bh4 Bb7 7. e3 c5 8. Bd3 cxd4 9. exd4 d5 10. cxd5 Qxd5 11. O-O Bxc3 12. bxc3 Nbd7 13. Re1 O-O 14. Qe2 Rac8 15. Rac1 Nh5 16. Bg3 Nxg3 17. hxg3 Rc7 18. Bb1 Rfc8 19. Qd3 g6 20. Qe3 Kg7 21. Re2 b5 22. Rec2 Nb6 23. Qe5+ Qxe5 24. Nxe5 Be4 25. Rb2 Bxb1 26. Rbxb1 Rxc3 27. Rxc3 Rxc3 28. Rxb5 Rc1+ 29. Kh2 Rc2 30. Ra5 Rc7 31. g4 Kf6 32. Kg3 g5 33. Kf3 Ke7 34. Ke4 Kd6 35. Ra6 f6 36. Nd3 Ke7 37. Nb4 Kd7 38. g3 Nc4 39. f4 Nd6+ 40. Kd3 Rb7 41. a3 Nb5 42. Kc4 Nd6+ 43. Kd3 Rc7 44. d5 Rb7 45. dxe6+ Kxe6 46. f5+ Kd7 47. Nd5 Rb3+ 48. Kd4 Rxg3 49. Nxf6+ Ke7 50. Nd5+ Kd7 51. Rxa7+ Kc6 52. Ra6+ Kd7 53. Nf6+ Kc7 54. Rxd6 Rxa3 55. Rd7+ Kc6 56. Rh7 Ra4+ 57. Ke5 Ra5+ 58. Ke6 Ra1 59. Rxh6 Re1+ 60. Kf7 Kd6 61. Kg6 Ke5 62. Kxg5 Ra1 63. Nh5 Ra8 64. Re6+ Kd5 65. Re1 Rg8+ 66. Kf4 Kd4 67. f6 Rf8 68. g5 Kd5 69. Kf5 1-0


[Site "https://www.chess.com"]

[Event "Titled Tuesday Blitz May 23 Late 2023"]
[White "Panesar Vedant"]
[Black "Balla, Tamas-Kristof"]
[WhiteFideId "35033018"]
[BlackFideId "1208497"]
[WhiteElo "2347"]
[BlackElo "2334"]
[Result "0-1"]
[Round "01"]
[TimeControl "180+2"]
[Date "2023.05.23"]
[WhiteClock "0:00:00"]
[BlackClock "0:00:21"]

1. e4 d5 2. exd5 Qxd5 3. Nc3 Qa5 4. d4 Nf6 5. Bc4 c6 6. Nf3 Bf5 7. Bd2 Nbd7 8. O-O e6 9. h3 Qc7 10. Re1 Bd6 11. Bb3 O-O 12. Qe2 h6 13. Rad1 Rad8 14. Ne5 Nd5 15. Nxd5 exd5 16. Bc3 Rde8 17. Qh5 Bh7 18. Re3 Nxe5 19. dxe5 Bc5 20. Rg3 Bg6 21. Qg4 Qe7 22. h4 Qe6 23. Qf4 Kh7 24. Re1 Qf5 25. Qd2 Rd8 26. Rf3 Qe6 27. Qf4 b5 28. Bd2 Qe7 29. c3 Be4 30. Rg3 Rde8 31. Qg4 f5 32. Qg6+ Kh8 33. Qxc6 f4 34. Rg4 Rc8 35. Qa6 Qxe5 36. Qxb5 Qf5 37. Rxf4 Qg6 38. Rxf8+ Rxf8 39. Qf1 Bxf2+ 40. Kh1 Bc5 0-1


[Site "https://www.chess.com"]

[Event "Titled Tuesday Blitz May 23 Late 2023"]
[White "Shapiro, Viktor"]
[Black "Hambleton, Aman"]
[WhiteFideId "4175700"]
[BlackFideId "2606577"]
[WhiteElo "2152"]
[BlackElo "2511"]
[Result "0-1"]
[Round "01"]
[TimeControl "180+2"]
[Date "2023.05.23"]
[WhiteClock "0:02:02"]
[BlackClock "0:02:07"]

1. c4 c5 2. Nc3 b6 3. g3 Bb7 4. Nf3 Bxf3 5. exf3 Nc6 6. Bg2 g6 7. f4 Bg7 8. O-O Nh6 9. d3 Nf5 10. Be3 e6 11. Qd2 h5 12. a3 Ncd4 13. Qd1 Rc8 14. Rb1 O-O 15. b4 Nxe3 16. fxe3 Nf5 17. Qd2 Nxe3 18. Rfe1 Nxg2 19. Kxg2 d5 20. cxd5 cxb4 21. Ne4 Qxd5 0-1


[Site "https://www.chess.com"]

[Event "Titled Tuesday Blitz May 23 Late 2023"]
[White "Bryakin, Mikhail"]
[Black "Zeman, Matyas"]
[WhiteFideId "4165314"]
[BlackFideId "364398"]
[WhiteElo "2467"]
[BlackElo "2254"]
[Result "1-0"]
[Round "01"]
[TimeControl "180+2"]
[Date "2023.05.23"]
[WhiteClock "0:00:48"]
[BlackClock "0:01:02"]

1. e4 e6 2. d4 d5 3. Nc3 Nf6 4. Bg5 Bb4 5. e5 h6 6. Bd2 Bxc3 7. bxc3 Ne4 8. Bd3 Nxd2 9. Qxd2 c5 10. Nf3 Qa5 11. a4 Nc6 12. h4 Bd7 13. h5 O-O 14. Rh3 cxd4 15. cxd4 Qxd2+ 16. Kxd2 Rac8 17. Rhh1 Na5 18. Rhb1 b6 19. g4 Rc7 20. g5 Rfc8 21. gxh6 gxh6 22. Rg1+ Kf8 23. Nh2 Nc4+ 24. Ke2 Nb2 25. a5 Nxd3 26. cxd3 Rc2+ 27. Ke3 R8c3 28. Ng4 Bb5 29. Rgd1 Kg7 30. axb6 axb6 31. Rab1 Ba4 32. Rxb6 Ra2 33. Rd2 Raa3 34. Rb8 Bc2 35. Nf6 Rxd3+ 36. Rxd3 Rxd3+ 37. Ke2 1-0


[Site "https://www.chess.com"]

[Event "Titled Tuesday Blitz May 23 Late 2023"]
[White "Pires, Marcos Vinicius Torsani"]
[Black "Quispe Arteaga, Gabriel"]
[WhiteFideId "2118939"]
[BlackFideId "32059809"]
[WhiteElo "2273"]
[BlackElo "2274"]
[Result "0-1"]
[Round "01"]
[TimeControl "180+2"]
[Date "2023.05.23"]
[WhiteClock "0:00:13"]
[BlackClock "0:00:05"]

1. d4 Nf6 2. Bf4 e6 3. e3 b6 4. Nf3 Bb7 5. Nbd2 h6 6. h3 Bd6 7. Bxd6 cxd6 8. Bd3 d5 9. O-O O-O 10. c3 Nc6 11. Qe2 d6 12. e4 dxe4 13. Nxe4 d5 14. Ng3 a6 15. Ne5 Nxe5 16. dxe5 Nd7 17. Rae1 Nc5 18. Bb1 d4 19. cxd4 Qxd4 20. Rd1 Qf4 21. Rd6 g6 22. Rxb6 Bd5 23. a3 Bc4 24. Qc2 Bxf1 25. Nxf1 Qxe5 26. Rc6 Nd7 27. Ne3 h5 28. Rc7 Nf6 29. Rc5 Qf4 30. Rc4 Qd6 31. Rc6 Qd7 32. Rc7 Qd8 33. Rc4 Rc8 34. Rxc8 Qxc8 35. Qd3 Qc6 36. Ba2 Kg7 37. Kh2 Rb8 38. Qd4 Qc7+ 39. g3 Qb6 40. Qe5 Qxb2 41. Bc4 Qxe5 0-1


[Site "https://www.chess.com"]

[Event "Titled Tuesday Blitz May 23 Late 2023"]
[White "Rostovtsev, Dmitry"]
[Black "Kielinkei"]
[WhiteFideId "34278320"]
[WhiteElo "2344"]
[BlackElo "2447"]
[Result "1-0"]
[Round "01"]
[TimeControl "180+2"]
[Date "2023.05.23"]
[WhiteClock "0:00:30"]
[BlackClock "0:00:05"]

1. e4 c5 2. Nf3 e6 3. d4 cxd4 4. Nxd4 Nc6 5. Nc3 Qc7 6. Be3 a6 7. Qf3 Bd6 8. O-O-O Be5 9. g4 Nxd4 10. Bxd4 Ne7 11. g5 Bxd4 12. Rxd4 Qc5 13. Qe3 Nc6 14. Rd3 Qxe3+ 15. Rxe3 d6 16. Rg1 Ke7 17. f4 b5 18. Bg2 Bd7 19. Rd1 Rhd8 20. Nd5+ Kf8 21. Nc3 Be8 22. Red3 Ke7 23. a3 Rab8 24. h4 b4 25. axb4 Nxb4 26. Rd4 Bc6 27. Bf1 a5 28. Bc4 Rbc8 29. Kb1 Rd7 30. Bb3 Rb8 31. Ba4 Bxa4 32. Nxa4 Rbb7 33. e5 dxe5 34. Rxd7+ Rxd7 35. Rxd7+ Kxd7 36. fxe5 Kc6 37. Nc3 Kc5 38. Ne4+ Kd5 39. Nd6 Kxe5 40. Nxf7+ Kf4 41. Nd6 e5 42. Nc4 e4 43. c3 e3 44. Nxe3 Kxe3 45. cxb4 axb4 46. Kc2 Kd4 47. Kb3 Kc5 48. Ka4 Kc4 49. b3+ Kd4 50. Kxb4 Ke4 51. Kc4 Kf4 52. b4 Kg4 53. b5 Kxh4 54. b6 Kxg5 55. b7 Kh4 56. b8=Q g5 57. Kd3 Kh3 58. Ke2 g4 59. Kf2 Kh4 60. Qh2+ Kg5 61. Qxh7 Kf4 62. Kg2 Kg5 63. Qh1 Kf4 64. Qe1 Kg5 65. Qg3 Kf5 66. Kf2 Kg5 67. Ke3 1-0


[Site "https://www.chess.com"]

[Event "Titled Tuesday Blitz May 23 Late 2023"]
[White "Trifan, Andrei Ioan"]
[Black "Pakleza, Zbigniew"]
[WhiteFideId "12967068"]
[BlackFideId "1119290"]
[WhiteElo "2208"]
[BlackElo "2410"]
[Result "1-0"]
[Round "01"]
[TimeControl "180+2"]
[Date "2023.05.23"]
[WhiteClock "0:00:19"]
[BlackClock "0:00:00"]

1. e4 d6 2. d4 Nf6 3. Nc3 c6 4. Nf3 Bg4 5. Be3 e6 6. Qd2 d5 7. Bd3 Be7 8. h3 Bh5 9. e5 Nfd7 10. g4 Bg6 11. Ne2 c5 12. c3 Nc6 13. Nf4 Bxd3 14. Nxd3 cxd4 15. Bxd4 Nb6 16. b3 Rc8 17. h4 h5 18. gxh5 Rxh5 19. Nf4 Rf5 20. Rg1 g6 21. Rg4 Nd7 22. Qe3 Nxd4 23. cxd4 Qa5+ 24. Kf1 Rc3 25. Nd3 Qa6 26. Ne1 Nb8 27. Kg2 Qb6 28. Rc1 Rxc1 29. Qxc1 Nc6 30. Nf3 Kd7 31. Rf4 Rxf4 32. Qxf4 Ke8 33. Kg3 Qa6 34. Qd2 Qa3 35. Nf4 Nb4 36. h5 gxh5 37. Nxh5 Qxa2 38. Qf4 Qxb3 39. Ng7+ Kd7 40. Qxf7 Nc6 41. Qxe6+ Kc7 42. Ne8+ Kb6 43. Nf6 Qxf3+ 44. Kxf3 1-0


[Site "https://www.chess.com"]

[Event "Titled Tuesday Blitz May 23 Late 2023"]
[White "Bachmann, Axel"]
[Black "Kaplan, Avi Harrison"]
[WhiteFideId "3700488"]
[BlackFideId "30934559"]
[WhiteElo "2605"]
[BlackElo "1983"]
[Result "1-0"]
[Round "01"]
[TimeControl "180+2"]
[Date "2023.05.23"]
[WhiteClock "0:02:36"]
[BlackClock "0:01:33"]

1. Nf3 d6 2. c4 e5 3. Nc3 f5 4. d4 Nd7 5. Ng5 exd4 6. Ne6 Qf6 7. Nxc7+ Kd8 8. N3d5 Qf7 9. Nxa8 Ngf6 10. Nac7 Nb6 11. Bg5 Nxc4 12. Qxd4 1-0


[Site "https://www.chess.com"]

[Event "Titled Tuesday Blitz May 23 Late 2023"]
[White "Kovalevsky, Stanislav"]
[Black "Fernandez Guillen, Ernesto J."]
[WhiteFideId "13508598"]
[BlackFideId "3512428"]
[WhiteElo "2174"]
[BlackElo "2429"]
[Result "0-1"]
[Round "01"]
[TimeControl "180+2"]
[Date "2023.05.23"]
[WhiteClock "0:00:17"]
[BlackClock "0:00:37"]

1. c4 e5 2. Nc3 Nc6 3. g3 g6 4. Bg2 Bg7 5. h4 h6 6. d3 d6 7. Be3 f5 8. Nd5 Nf6 9. Nxf6+ Qxf6 10. Qd2 Bd7 11. O-O-O O-O-O 12. Kb1 Kb8 13. b4 f4 14. b5 fxe3 15. fxe3 Ne7 16. Nf3 Nf5 17. e4 Nxg3 18. Rhe1 g5 19. Qa5 b6 20. Qa3 g4 21. Nd2 Qxh4 22. d4 exd4 23. e5 Bxe5 24. Nb3 Qh2 25. Bd5 Bf5+ 26. Rd3 Nxe2 27. Ka1 Nc3 28. Rd2 Qg3 29. Rxe5 Qxe5 30. Bc6 Qe1+ 0-1


[Site "https://www.chess.com"]

[Event "Titled Tuesday Blitz May 23 Late 2023"]
[White "Milikow, Yoav"]
[Black "D`Arruda, Ricardo D."]
[WhiteFideId "2822237"]
[BlackFideId "100692"]
[WhiteElo "2410"]
[BlackElo "2441"]
[Result "1-0"]
[Round "01"]
[TimeControl "180+2"]
[Date "2023.05.23"]
[WhiteClock "0:00:02"]
[BlackClock "0:00:30"]

1. d4 Nf6 2. c4 e5 3. dxe5 Ne4 4. a3 Nc6 5. Qd5 Nc5 6. Nd2 d6 7. exd6 Bxd6 8. Ngf3 Qf6 9. e3 Be6 10. Qg5 Qxg5 11. Nxg5 Bf5 12. b4 Nd3+ 13. Bxd3 Bxd3 14. Bb2 O-O 15. O-O-O Rad8 16. c5 Be5 17. Ngf3 Bxb2+ 18. Kxb2 a5 19. Kc3 Rd7 20. Nb3 axb4+ 21. axb4 Rfd8 22. Rd2 Be4 23. Rxd7 Rxd7 24. b5 Bxf3 25. gxf3 Ne5 26. f4 Ng4 27. Ra1 Rd8 28. Ra2 Nxh2 29. Na5 Rb8 30. Nxb7 h5 31. c6 Kh7 32. Kd4 h4 33. Ke4 Re8+ 34. Kd3 h3 35. Ra1 Nf3 36. Rh1 h2 37. Ke2 Nd4+ 38. Kf1 Nf3 39. Kg2 Nd2 40. Rxh2+ Kg8 41. Rh1 Ne4 42. Rd1 Nc3 43. Rd7 Nxb5 44. Nc5 Ra8 45. e4 Ra3 46. e5 Rc3 47. Rd8+ Kh7 48. Rd5 Na7 49. f5 Nxc6 50. Ne4 Rc4 51. Ng5+ Kh6 52. Nxf7+ Kh5 53. e6 Ne7 54. Ra5 Kg4 55. Ne5+ 1-0


[Site "https://www.chess.com"]

[Event "Titled Tuesday Blitz May 23 Late 2023"]
[White "Toniutti, Ezio"]
[Black "Gokerkan, Cem Kaan"]
[WhiteFideId "113034"]
[BlackFideId "6336760"]
[WhiteElo "2215"]
[BlackElo "2365"]
[Result "1/2-1/2"]
[Round "01"]
[TimeControl "180+2"]
[Date "2023.05.23"]
[WhiteClock "0:00:10"]
[BlackClock "0:00:04"]

1. d4 Nf6 2. c4 e6 3. g3 d5 4. Nf3 Bb4+ 5. Bd2 Be7 6. Qc2 O-O 7. Bg2 c6 8. O-O b6 9. Rd1 a5 10. Bf4 Nbd7 11. Nbd2 Ba6 12. Rac1 Nh5 13. Be5 Nhf6 14. e4 Rc8 15. b3 Ba3 16. Rb1 Qe7 17. Bxf6 Nxf6 18. e5 Nd7 19. h4 h6 20. Nf1 c5 21. cxd5 cxd4 22. Qd2 exd5 23. Qxd4 Bb7 24. Ne3 Rc5 25. Qf4 Re8 26. Nf5 Qf8 27. Nd6 Ba8 28. Nxe8 Qxe8 29. Re1 Rc2 30. Nd4 Rxa2 31. e6 Nc5 32. exf7+ Qxf7 33. Qb8+ Kh7 34. Re2 Rxe2 35. Nxe2 Bb7 36. Nf4 Ne4 37. Qe5 Bd6 38. Bxe4+ dxe4 39. Qxd6 e3 40. Qd3+ Kg8 41. Qxe3 Qf5 42. Rd1 b5 43. Rd8+ Kh7 44. Qd3 Be4 45. Qd7 Qf6 46. Qd4 Qc6 47. Rd6 Qc1+ 48. Qd1 Qc3 49. Rd7 a4 50. Kh2 axb3 51. Qd4 Qxd4 52. Rxd4 b2 53. Rb4 b1=Q 54. Rxb1 Bxb1 55. Nd5 Ba2 56. Nb4 Bc4 57. Kg2 Kg6 58. Kf3 Kf5 59. Ke3 Kg4 60. Nc2 Bf7 61. Nb4 Bb3 62. Nd3 Be6 63. Ne5+ Kf5 64. Nd3 Bc4 65. Nb4 Kg4 66. Nc2 Bd5 67. Nb4 Be6 68. Nc2 Bf5 69. Nd4 Bd7 70. Nc2 Be8 71. Nb4 Bf7 72. Nd3 Bg8 73. Ne5+ Kf5 74. Nd3 Bc4 75. Nb4 1/2-1/2


[Site "https://www.chess.com"]

[Event "Titled Tuesday Blitz May 23 Late 2023"]
[White "Sethuraman, S.P."]
[Black "Mackster23"]
[WhiteFideId "5021596"]
[WhiteElo "2543"]
[BlackElo "2439"]
[Result "1-0"]
[Round "01"]
[TimeControl "180+2"]
[Date "2023.05.23"]
[WhiteClock "0:00:14"]
[BlackClock "0:00:06"]

1. d4 d5 2. c4 c6 3. Nf3 Nf6 4. Qc2 e6 5. Nc3 Be7 6. e4 dxe4 7. Nxe4 Nbd7 8. Bd3 Nxe4 9. Bxe4 Nf6 10. Bd3 O-O 11. Bd2 c5 12. dxc5 Bxc5 13. O-O-O h6 14. Bc3 Kh8 15. Ne5 Qe7 16. g4 Nd7 17. Nf3 b5 18. cxb5 Bb7 19. Be4 Nb6 20. Kb1 Bxe4 21. Qxe4 Nd5 22. Be5 Rad8 23. g5 hxg5 24. h4 g4 25. Qxg4 f6 26. Bd4 Bxd4 27. Nxd4 f5 28. Qg3 e5 29. Nc6 Qe6 30. Nxd8 Rxd8 31. Rhg1 Rd7 32. h5 Nb4 33. Qb3 Nd5 34. Rc1 f4 35. Rc8+ Kh7 36. Qc2+ e4 37. Re1 Re7 38. Rc6 Qf5 39. Rc5 Qe6 40. f3 Ne3 41. Qxe4+ Qxe4+ 42. fxe4 Rxe4 43. Rf5 Kh6 44. Rxf4 Rxf4 45. Rxe3 Rf5 46. a4 Kxh5 47. Re7 a6 48. b6 Rf8 49. a5 Rb8 50. Kc2 g5 51. Kc3 g4 52. Rg7 Kh4 53. Kc4 g3 54. Kc5 Rc8+ 55. Kd6 Rd8+ 56. Kc7 Re8 57. b7 Rf8 58. b8=Q Rxb8 59. Kxb8 Kh3 60. Kb7 1-0


[Site "https://www.chess.com"]

[Event "Titled Tuesday Blitz May 23 Late 2023"]
[White "Vega Gutierrez, Sabrina"]
[Black "Makridis, Dimitrios"]
[WhiteFideId "2219026"]
[BlackFideId "25864475"]
[WhiteElo "2209"]
[BlackElo "2277"]
[Result "0-1"]
[Round "01"]
[TimeControl "180+2"]
[Date "2023.05.23"]
[WhiteClock "0:00:54"]
[BlackClock "0:00:43"]

1. e4 c5 2. Nf3 d6 3. d4 cxd4 4. Nxd4 Nf6 5. Nc3 Nc6 6. Nd5 Nxd5 7. exd5 Qa5+ 8. Bd2 Qxd5 9. Nb5 Qe5+ 10. Be2 d5 11. O-O a6 12. Nc3 e6 13. Re1 Bd6 14. g3 Qf6 15. Na4 O-O 16. Nb6 Rb8 17. c4 Bc5 18. Be3 d4 19. Bf4 Bxb6 20. Bxb8 Nxb8 21. b4 Nc6 22. c5 Bc7 23. Qd2 e5 24. Bf3 Qxf3 0-1


[Site "https://www.chess.com"]

[Event "Titled Tuesday Blitz May 23 Late 2023"]
[White "Sieciechowicz, Marcin"]
[Black "Wizard_of_Odds"]
[WhiteFideId "1130170"]
[WhiteElo "2302"]
[BlackElo "2439"]
[Result "1-0"]
[Round "01"]
[TimeControl "180+2"]
[Date "2023.05.23"]
[WhiteClock "0:00:23"]
[BlackClock "0:00:00"]

1. d4 d5 2. Bf4 Nf6 3. e3 c5 4. c3 Nc6 5. Nd2 Bf5 6. Ngf3 e6 7. Nh4 Bg6 8. Qb3 Qb6 9. Nxg6 hxg6 10. h3 Be7 11. Be2 Qxb3 12. axb3 a6 13. dxc5 Bxc5 14. b4 Be7 15. b5 Nb8 16. bxa6 Nxa6 17. Bb5+ Kf8 18. Ke2 Ne8 19. e4 g5 20. Be3 Nec7 21. Bd3 Rd8 22. exd5 Nxd5 23. Bxa6 bxa6 24. Rxa6 Rb8 25. Rha1 f5 26. Nc4 Rh4 27. Ra8 Rxa8 28. Rxa8+ Kf7 29. Ne5+ Kf6 30. Bd4 Re4+ 31. Kd2 Nf4 32. Nc6+ Kf7 33. Ra7 Nd5 34. Nxe7 Rxd4+ 35. cxd4 Nxe7 36. b4 Kf6 37. b5 Nd5 38. Rd7 Nb6 39. Rc7 f4 40. Rc6 Nd5 41. b6 Ne7 42. Rc5 g4 43. hxg4 f3 44. gxf3 g5 45. b7 Nd5 46. Rxd5 exd5 47. b8=Q 1-0


[Site "https://www.chess.com"]

[Event "Titled Tuesday Blitz May 23 Late 2023"]
[White "Rodriguez, Santiago"]
[Black "Riehle, Marco"]
[WhiteFideId "3000591"]
[BlackFideId "12904392"]
[WhiteElo "2249"]
[BlackElo "2462"]
[Result "0-1"]
[Round "01"]
[TimeControl "180+2"]
[Date "2023.05.23"]
[WhiteClock "0:00:03"]
[BlackClock "0:01:12"]

1. d4 d5 2. Bf4 e6 3. e3 Bd6 4. Nf3 c5 5. Bxd6 Qxd6 6. Nbd2 Nd7 7. Bb5 Nf6 8. O-O O-O 9. Bxd7 Nxd7 10. c4 cxd4 11. Nxd4 b6 12. cxd5 Qxd5 13. Qf3 Bb7 14. Qxd5 Bxd5 15. Rfc1 Rac8 16. e4 Bb7 17. f3 a6 18. b4 Ne5 19. a4 Rfd8 20. N2b3 Nd3 21. Rxc8 Rxc8 22. b5 a5 23. Rd1 Nb2 24. Ra1 g6 25. h4 e5 26. Ne2 f5 27. exf5 gxf5 28. Ra2 Nd3 29. Ng3 f4 30. Nf1 Bd5 31. Rd2 Bxb3 32. Rxd3 Bxa4 33. Rd5 Rc5 34. Rxc5 bxc5 35. Nd2 Bxb5 36. Nb3 a4 37. Nxc5 a3 38. Nb3 a2 39. Kf2 Kf7 40. g3 Bc6 41. gxf4 exf4 42. Ke2 Kf6 43. Kf2 Ke5 44. Ke2 Bd5 45. Na1 Kd4 46. Kd2 Bxf3 47. Nc2+ Ke4 48. Kc3 Bd1 0-1


[Site "https://www.chess.com"]

[Event "Titled Tuesday Blitz May 23 Late 2023"]
[White "Rozman, Levy"]
[Black "QuiesPrecatio"]
[WhiteFideId "2039877"]
[WhiteElo "2376"]
[BlackElo "2437"]
[Result "1-0"]
[Round "01"]
[TimeControl "180+2"]
[Date "2023.05.23"]
[WhiteClock "0:00:15"]
[BlackClock "0:00:01"]

1. d4 Nf6 2. Bg5 Ne4 3. h4 d5 4. e3 g6 5. Bd3 Nxg5 6. hxg5 Bg7 7. c3 a6 8. f4 h5 9. Nd2 Bg4 10. Qb3 b6 11. Ngf3 e6 12. a4 a5 13. Nh2 Bf5 14. e4 dxe4 15. Bxe4 Bxe4 16. Nxe4 Qd5 17. Qc2 Nc6 18. O-O Ne7 19. Nf3 Nf5 20. Rfe1 O-O 21. Ne5 Rac8 22. Rad1 Nd6 23. Nd7 Nxe4 24. Nxf8 Ng3 25. Nxe6 fxe6 26. Qxg6 Rf8 27. Rxe6 Qf5 28. Qxf5 Rxf5 29. Re7 Rxf4 30. g6 Bh6 31. Rde1 Bg5 32. Rxc7 Rf8 33. Rc6 Kg7 34. Rxb6 Bd2 35. Re7+ Kh6 36. g7+ 1-0


[Site "https://www.chess.com"]

[Event "Titled Tuesday Blitz May 23 Late 2023"]
[White "SergioMoralesG"]
[Black "Paichadze, Luka"]
[BlackFideId "13602934"]
[WhiteElo "2435"]
[BlackElo "2540"]
[Result "0-1"]
[Round "01"]
[TimeControl "180+2"]
[Date "2023.05.23"]
[WhiteClock "0:00:00"]
[BlackClock "0:00:09"]

1. d4 Nf6 2. c4 e6 3. Nf3 Bb4+ 4. Nbd2 b6 5. a3 Bxd2+ 6. Qxd2 Bb7 7. e3 O-O 8. b4 Ne4 9. Qc2 a5 10. Bb2 axb4 11. axb4 Rxa1+ 12. Bxa1 Qe7 13. c5 d6 14. Bd3 f5 15. cxb6 cxb6 16. O-O Rc8 17. Qa4 Ng5 18. Be2 Nxf3+ 19. Bxf3 Bxf3 20. gxf3 d5 21. Bb2 Qb7 22. b5 Rc4 23. Qa3 Qc7 24. Ra1 Nd7 25. Qa7 Rc2 26. Qa8+ Qc8 27. Qxc8+ Rxc8 28. Ra7 Rd8 29. Ba3 Kf7 30. Bd6 Ke8 31. Rb7 Ra8 32. Bc7 Ra5 33. Ra7 Rxa7 0-1


[Site "https://www.chess.com"]

[Event "Titled Tuesday Blitz May 23 Late 2023"]
[White "Hasangatin, Ramil"]
[Black "Gurevich, Dmitry"]
[WhiteFideId "4122160"]
[BlackFideId "2000407"]
[WhiteElo "2279"]
[BlackElo "2506"]
[Result "1-0"]
[Round "01"]
[TimeControl "180+2"]
[Date "2023.05.23"]
[WhiteClock "0:00:07"]
[BlackClock "0:00:00"]

1. e4 c5 2. Nf3 d6 3. d4 cxd4 4. Qxd4 a6 5. Be3 e6 6. Nc3 Nf6 7. O-O-O Qc7 8. Qb6 Qxb6 9. Bxb6 Be7 10. Bc7 Nc6 11. Bxd6 Bxd6 12. Rxd6 Ke7 13. Rd2 b5 14. Bd3 Bb7 15. Re1 Rac8 16. h3 Nd7 17. Nd5+ Kf8 18. Nf4 Nde5 19. Nxe5 Nxe5 20. f3 Ke7 21. Red1 h5 22. h4 Rc7 23. b3 g6 24. Kb2 Rhc8 25. Be2 b4 26. Nd3 Nxd3+ 27. Bxd3 Kf6 28. a3 bxa3+ 29. Kxa3 g5 30. Rh1 Rc5 31. Kb2 a5 32. Bc4 a4 33. Rd7 Bc6 34. Ra7 axb3 35. Bxb3 g4 36. Rf1 g3 37. Rh1 Rg8 38. Rc7 Rb8 39. Rd1 Rb7 40. Rc8 Rbb5 41. Rdd8 Ke5 42. Rf8 Kf4 43. Rxf7+ Ke3 44. Rg8 Kf2 45. Rfg7 Rb4 46. Rxg3 Ba4 47. f4 Bxb3 48. Rxb3 Rbc4 49. f5 Rxc2+ 50. Ka3 exf5 51. exf5 Rxf5 52. g3 1-0


[Site "https://www.chess.com"]

[Event "Titled Tuesday Blitz May 23 Late 2023"]
[White "Haraguchi, Diego Sashaki"]
[Black "Holt, Conrad"]
[WhiteFideId "22729925"]
[BlackFideId "2034387"]
[WhiteElo "2235"]
[BlackElo "2592"]
[Result "0-1"]
[Round "01"]
[TimeControl "180+2"]
[Date "2023.05.23"]
[WhiteClock "0:00:28"]
[BlackClock "0:01:14"]

1. d4 d5 2. c4 c6 3. Nf3 Nf6 4. Nc3 dxc4 5. a4 Bf5 6. Ne5 Nbd7 7. Nxc4 Nb6 8. e3 e6 9. a5 Nxc4 10. Bxc4 Bb4 11. O-O Bxa5 12. Qb3 Bb6 13. Na4 O-O 14. Bd2 Ne4 15. Bb4 Re8 16. f3 Nf6 17. Rfd1 Bg6 18. Qc3 Nd5 19. Bxd5 exd5 20. Ra3 Bc7 21. Qd2 a5 22. Bc3 b5 23. Nc5 b4 24. Nb7 Qb8 25. Bxb4 Bxh2+ 26. Kh1 axb4 27. Rxa8 Qxa8 28. Qxb4 Bg3 29. Nc5 Qd8 30. Kg1 Qh4 0-1


[Site "https://www.chess.com"]